[Event "Live Chess"]
[Site "Chess.com"]
[Date "2023.05.21"]
[Round "-"]
[White "JoeyCage"]
[Black "Shepherds_Pie"]
[Result "1-0"]
[WhiteElo "2296"]
[BlackElo "1925"]
[TimeControl "300"]
[EndTime "16:22:45 PDT"]
[Termination "JoeyCage won by resignation"]

1. e4 e6 2. d4 d5 3. Nc3 Bb4 4. e5 c5 5. a3 Ba5 6. b4 cxd4 7. Qxd4 Bb6 8. Qg4 Ne7 9. Na4 Nbc6 10. Nxb6 Qxb6 11. Nf3 Bd7 12. Be3 Qc7 13. Qxg7 Rg8 14. Qxh7 Nxe5 15. Bd4 Nxf3+ 16. gxf3 O-O-O 17. O-O-O Nf5 18.
Bb2 Ba4 19. Bd3 Qf4+ 20. Kb1 Nd6 21. Rhg1 Rxg1 22. Rxg1 Nc4 23. Bc1 Qd4 24. Qxf7 Bd7 25. Rg7 Ne5 26. Qf6 Ba4 27. Bb2 1-0

[Event "Live Chess"]
[Site "Chess.com"]
[Date "2023.05.21"]
[Round "-"]
[White "blowerd"]
[Black "karimghalambaz"]
[Result "1-0"]
[WhiteElo "1394"]
[BlackElo "1273"]
[TimeControl "300"]
[EndTime "16:22:54 PDT"]
[Termination "blowerd won by resignation"]

1. e4 c5 2. Nf3 d6 3. Bc4 Nc6 4. Nc3 Nf6 5. d4 cxd4 6. Nxd4 g6 7. O-O Bg7 8. Nxc6 bxc6 9. Re1 O-O 10. Bg5 h6 11.
Bxf6 Bxf6 12. Qd2 Bg7 13. Rad1 Qb6 14. Bb3 Bd7 15. Na4 Qb7 16. c3 Rad8 17. Re3 Be6 18. Bxe6 fxe6 19. Rd3 d5 20. Nc5 Qc8 21. exd5 cxd5 22.
Qe3 Rf6 23. Nb3 Rd6 24. Qxa7 Qf8 25. Qe3 e5 26. Rxd5 Rxd5 27. Rxd5 e6 28. Rd2 Rf4 29.
Re2 Qd6 30. Qd2 Qxd2 31. Rxd2 e4 32. g3 Rf3 33. Re2 Rd3 34. Rxe4 e5 35. Nc5 Rd2 36. Rb4 Rc2 37. Rb3 Rc1+ 38. Kg2 Rc2 39. Ne6 Kf7 40.
Nxg7 Kxg7 41. Kf3 Kf6 42. a4 Kf5 43. a5 e4+ 44. Ke3 Rc1 45. a6 Re1+ 46. Kd2 Ra1 47. Ra3 Rf1 48. Ke3 Rh1 49. h4 Kg4 50. a7 g5 51. a8=Q gxh4 52. Qxe4+ Kh3 53. Qxh4+ Kg2 54. Qxh1+ Kxh1 55. Ra4 Kg2 56. Rh4 1-0

[Event "Live Chess"]
[Site "Chess.com"]
[Date "2023.05.21"]
[Round "-"]
[White "Ed_Knox"]
[Black "LodeshChess"]
[Result "1-0"]
[WhiteElo "1469"]
[BlackElo "1143"]
[TimeControl "300"]
[EndTime "16:23:01 PDT"]
[Termination "Ed_Knox won by resignation"]

1. d4 Nf6 2. Bf4 c5 3. d5 d6 4. Nc3 e5 5. dxe6 Bxe6 6. e4 Qa5 7. Bd2 g6 8. Nd5 Qd8 9. Bc3 Bg7 10. Bb5+ Nc6 11.
Bxf6 Bxf6 12. Nxf6+ Qxf6 13. Bxc6+ bxc6 14. c3 Qg5 15. Qf3 Bg4 16. Qg3 f6 17. h3 Bd7 18.
Qxg5 fxg5 19. Nf3 h6 20. O-O-O Ke7 21. e5 dxe5 22. Nxe5 Rhd8 23. Nxg6+ Kf6 24. Rd6+ Kg7 25. Rhd1 a5 26. Ne5 Ra7 27. Nxd7 1-0

[Event "Live Chess"]
[Site "Chess.com"]
[Date "2023.05.21"]
[Round "-"]
[White "wadsy27"]
[Black "WelshTiger"]
[Result "1-0"]
[WhiteElo "2571"]
[BlackElo "2358"]
[TimeControl "300"]
[EndTime "16:23:04 PDT"]
[Termination "wadsy27 won by resignation"]

1. Nf3 d5 2. g3 Nf6 3. Bg2 h6 4. c4 c6 5. O-O dxc4 6. Qc2 Nbd7 7. Na3 Nb6 8. Nxc4 Nxc4 9. Qxc4 Be6 10. Qc2 g6 11. Re1 Bg7 12. d4 O-O 13. e4 Nd7 14.
Be3 Kh7 15. a3 Bg4 16. Rad1 Qc7 17. h3 Bxf3 18. Bxf3 e5 19. dxe5 Nxe5 20. Bg2 Rad8 21. f4 Nd7 22. e5 Nb6 23. Kh2 Rxd1 24. Rxd1 Rd8 25. h4 Rxd1 26. Qxd1 Nc4 27. Bc1 Qb6 28.
h5 Ne3 29. hxg6+ fxg6 30. Qe2 Nxg2 31. Kxg2 Qc5 32. Be3 Qd5+ 33. Kf2 Bf8 34. Qd2 Qh1 35. Qd7+ Bg7 36. e6 Qh2+ 37. Kf3 Qh1+ 38. Ke2 Qg2+ 39. Bf2 Qe4+ 40. Kd2 Qf3 41. Bd4 Qg2+ 42. Kd3 Qf1+ 43. Kc3 Qc1+ 44. Kb3 Qd1+ 45. Ka2 Qxd4 46. Qxd4 Bxd4 47.
e7 1-0

[Event "Live Chess"]
[Site "Chess.com"]
[Date "2023.05.21"]
[Round "-"]
[White "wot-not"]
[Black "manthanit"]
[Result "1-0"]
[WhiteElo "1544"]
[BlackElo "1053"]
[TimeControl "300"]
[EndTime "16:23:09 PDT"]
[Termination "wot-not won by checkmate"]

1. e4 e6 2. f4 d5 3. e5 c5 4. Nf3 Ne7 5. d4 Nbc6 6. Bd3 Ng6 7.
O-O cxd4 8. Bxg6 hxg6 9. Nbd2 Bc5 10. Kh1 f6 11. Nb3 Bb6 12. Qe2 fxe5 13. Nxe5 Qh4 14. h3 O-O 15. Nxg6 Qf6 16. Nxf8 Qxf8 17. Bd2 Qe7 18.
a3 a5 19. Rae1 Ba7 20. Nc1 b5 21. Nd3 Bb6 22. Ne5 Nxe5 23. Qxe5 Bc7 24. Qxd4 Ba6 25.
Rf3 Rb8 26. Rg3 Bb6 27. Qe5 Bc7 28. Qg5 Qxg5 29. Rxg5 Bc8 30. Rf1 Bd7 31. Bc3 g6 32. Rxg6+ Kh7 33. Rg7+ Kh6 34. Rxd7 Bb6 35. f5 exf5 36.
Rxf5 Re8 37. Re5 Rf8 38. Rd6+ Kh7 39. Re7+ Kg8 40. Rg6# 1-0

[Event "Live Chess"]
[Site "Chess.com"]
[Date "2023.05.21"]
[Round "-"]
[White "CeladonFish"]
[Black "Dark_Night123"]
[Result "0-1"]
[WhiteElo "1117"]
[BlackElo "1564"]
[TimeControl "300"]
[EndTime "16:23:11 PDT"]
[Termination "Dark_Night123 won by checkmate"]

1. d4 Nf6 2. c4 e6 3. Nc3 Bb4 4.
Bd2 Nc6 5. a3 Bxc3 6. Bxc3 d5 7.
cxd5 Nxd5 8. Qc2 O-O 9. Nf3 Nxc3 10. bxc3 Re8 11. h4 e5 12. Ng5 g6 13. Qb3 Qf6 14. dxe5 Nxe5 15. f4 Nd3+ 16. Kd2 Nxf4 17. g3 Be6 18.
Qxb7 Rad8+ 19. Kc2 Qf5+ 20. e4 Qa5 21. gxf4 Qa4+ 22.
Kc1 Rd1+ 23. Kb2 Rd2+ 24. Kc1 Qc2# 0-1

[Event "Live Chess"]
[Site "Chess.com"]
[Date "2023.05.21"]
[Round "-"]
[White "1600x"]
[Black "flyingpuffins"]
[Result "0-1"]
[WhiteElo "1818"]
[BlackElo "1951"]
[TimeControl "300"]
[EndTime "16:23:24 PDT"]
[Termination "flyingpuffins won by resignation"]

1. e4 c5 2. d4 cxd4 3. c3 g6 4. Ne2 Bg7 5. Nxd4 Nc6 6. Bc4 Nf6 7. Qd3 O-O 8. O-O Ne5 9. Qe2 Nxc4 10. Qxc4 Nxe4 11. Re1 d5 12. Qe2 e5 13. Nf3 Bg4 14. h3 Bxf3 15. gxf3 Ng5 16. Kg2 Ne6 17. Qb5 b6 18.
Na3 Rc8 19. Qa4 Nc5 20. Qxa7 Ra8 21. Qxa8 Qxa8 22. h4 Nd3 23. Rh1 Nxc1 24. Raxc1 e4 25. fxe4 dxe4 26. Rce1 e3+ 27. f3 Re8 28. Nc2 Qxa2 29.
Rb1 Qb3 30. Nb4 e2 31. Nd3 Qc2 32. Rhe1 Qxd3 33. Rbc1 h5 34. Rb1 Qxb1 35. Rxb1 e1=Q 36. Rxe1 Rxe1 37. Kf2 Rc1 38. Kg3 Rc2 39. c4 Rxc4 40. b3 Rb4 41. Kh3 Rxb3 42. Kg2 b5 43. Kh2 Rc3 44.
Kg2 b4 45. Kg3 b3 46. Kh3 b2 47. Kg3 b1=Q 48. Kf2 Bd4+ 0-1

[Event "Live Chess"]
[Site "Chess.com"]
[Date "2023.05.21"]
[Round "-"]
[White "DRS44"]
[Black "Singapourfeuj"]
[Result "0-1"]
[WhiteElo "1351"]
[BlackElo "2216"]
[TimeControl "300"]
[EndTime "16:23:34 PDT"]
[Termination "Singapourfeuj won by resignation"]

1. e4 e6 2. d4 d5 3. e5 c5 4. c3 Nc6 5. Nf3 Bd7 6. Bd3 Qb6 7. O-O Nh6 8. Bxh6 gxh6 9. Qc2 Be7 10. Bxh7 cxd4 11.
Bd3 Rc8 12. Qd2 Rg8 13. Qf4 Kd8 14. Qxf7 Kc7 15. cxd4 Rcf8 16. Qh5 Nxd4 17. Nxd4 Qxd4 18. Qe2 Bc6 19. Nc3 Qh4 20. g3 Bc5 21. Kg2 d4+ 22. Ne4 Rf4 23. Kh1 Bxe4+ 24. Bxe4 Rxe4 25. gxh4 Rxe2 0-1

[Event "Live Chess"]
[Site "Chess.com"]
[Date "2023.05.21"]
[Round "-"]
[White "JoshMcK"]
[Black "Fazer180"]
[Result "0-1"]
[WhiteElo "1519"]
[BlackElo "1760"]
[TimeControl "300"]
[EndTime "16:23:35 PDT"]
[Termination "Fazer180 won by checkmate"]

1. e4 e6 2. d4 d5 3. Nc3 Bb4 4.
e5 c5 5. a3 Bxc3+ 6. bxc3 Qc7 7. Qg4 f6 8. exf6 Nxf6 9. Qd1 Nc6 10. Nf3 O-O 11. Be2 Ne4 12. Bd2 cxd4 13. cxd4 e5 14. dxe5 Nxe5 15. Nxe5 Qxe5 16. O-O Bd7 17. Bb4 Rf6 18.
Bd3 Rh6 19. g3 Bh3 20. Re1 Qd4 21. Bxe4 Qxd1 22. Raxd1 dxe4 23. Rxe4 Bf5 24. Red4 Bxc2 25. Rd8+ Rxd8 26. Rxd8+ Kf7 27. Rd7+ Ke6 28. Rxb7 Kd5 29. Rxa7 Re6 30. Rxg7 Re4 31. Rg5+ Ke6 32. Rg7 Kf6 33. Rg8 Kf7 34. Rf8+ Kg7 35. Rd8 Rc4 36. Rd7+ Kg6 37. h4 Be4 38. Rd6+ Kf7 39. Rd1 Bf3 40. Re1 Kf6 41. Be7+ Kf5 42. Bb4 h5 43. Bd2 Kg4 44.
Bf4 Kh3 45. Kf1 Rc2 46. Ra1 Re2 47. a4 Kh2 48. a5 Re6 49. a6 Bg2# 0-1

[Event "Live Chess"]
[Site "Chess.com"]
[Date "2023.05.21"]
[Round "-"]
[White "Jo1ts"]
[Black "gmnorfolk"]
[Result "0-1"]
[WhiteElo "776"]
[BlackElo "2112"]
[TimeControl "300"]
[EndTime "16:23:39 PDT"]
[Termination "gmnorfolk won by resignation"]

1. d4 Nf6 2. Bf4 d5 3. Nf3 e6 4. e3 Bd6 5. Bg3 O-O 6. Nbd2 c5 7. c3 b6 8. Ne5 Bb7 9. Bd3 Nc6 10. Ndf3 Qc7 11. Nxc6 Bxc6 12. Bxd6 Qxd6 13. Ne5 Bb7 14. O-O Ne4 15. Bxe4 dxe4 16. Qg4 Ba6 17. Rfd1 f6 18. Ng6 hxg6 19. Qxg6 Bd3 20. h4 f5 21. h5 Rf6 0-1

[Event "Live Chess"]
[Site "Chess.com"]
[Date "2023.05.21"]
[Round "-"]
[White "yeetpizza74"]
[Black "HD_IN4k"]
[Result "1-0"]
[WhiteElo "465"]
[BlackElo "395"]
[TimeControl "300"]
[EndTime "16:23:43 PDT"]
[Termination "yeetpizza74 won by checkmate"]

1. e4 g6 2. d4 f5 3. Nc3 fxe4 4. Nxe4 b6 5. Nf3 Bb7 6. Bd3 d5 7. Nc3 e6 8. Bg5 Be7 9. Bxe7 Nxe7 10. O-O Nf5 11.
Bxf5 gxf5 12. Re1 h5 13. Rxe6+ Kd7 14. Rf6 Qxf6 15. Ne5+ Kc8 16. Qf3 h4 17. Nxd5 Qg7 18. Qxf5+ Nd7 19. Nxd7 Rd8 20. N7xb6+ Kb8 21. Nxa8 Kxa8 22.
c4 c6 23. Nc7+ Kb8 24. Qf4 c5 25. Ne8+ Qc7 26. Nxc7 cxd4 27. Ne6+ Rd6 28. Qxd6+ Ka8 29. Qd8+ Bc8 30. Qxc8# 1-0

[Event "Live Chess"]
[Site "Chess.com"]
[Date "2023.05.21"]
[Round "-"]
[White "xx_blindpuffin_xx"]
[Black "fso"]
[Result "1/2-1/2"]
[WhiteElo "2209"]
[BlackElo "2237"]
[TimeControl "300"]
[EndTime "16:23:45 PDT"]
[Termination "Game drawn by repetition"]

1. d4 Nf6 2. Bf4 d5 3. e3 e6 4. Nf3 Bd6 5. Bg3 Bxg3 6. hxg3 h6 7. c4 O-O 8. Nc3 c6 9. Bd3 dxc4 10. Bxc4 Nbd7 11.
O-O Qc7 12. e4 b5 13. Bd3 b4 14. Na4 c5 15. Rc1 Bb7 16. Nxc5 Nxc5 17. Rxc5 Qd8 18. Qe2 a5 19. Rfc1 Rc8 20. a3 Rxc5 21. Rxc5 Nd7 22.
Rc1 e5 23. d5 f5 24. Bb5 fxe4 25. Bxd7 Qxd7 26. Qxe4 Bxd5 27. Qxe5 Bxf3 28. gxf3 Rxf3 29. Rc7 Qd1+ 30. Kg2 Rf7 31. Qe8+ Rf8 32. Qe6+ Kh8 33. Qe7 Qf3+ 34. Kh3 Qf5+ 35. Kh4 Qf6+ 36. Qxf6 Rxf6 37. axb4 Rxf2 38. bxa5 Rxb2 39. a6 Ra2 40. a7 Kh7 41. g4 Ra3 42. g5 Ra4+ 43. Kh5 Ra5 44. Kh4 Ra4+ 45. Kh5 Ra5 46. Kh4 Ra4+ 1/2-1/2

[Event "Live Chess"]
[Site "Chess.com"]
[Date "2023.05.21"]
[Round "-"]
[White "Missedidea"]
[Black "sanjesh_ananda"]
[Result "1-0"]
[WhiteElo "1820"]
[BlackElo "1283"]
[TimeControl "300"]
[EndTime "16:24:01 PDT"]
[Termination "Missedidea won on time"]

1. d4 d5 2. c4 e6 3. Nc3 Nf6 4. Bg5 Be7 5. e3 h6 6. Bh4 Nc6 7. Nf3 b6 8. Bd3 O-O 9. O-O Bb7 10. b3 Nb4 11. Be2 g5 12. Bg3 Nh5 13. Ne5 Nxg3 14. hxg3 dxc4 15. bxc4 Nc6 16. f4 Qe8 17. Bh5 Nxe5 18.
fxe5 Qc6 19. Qe2 Qd7 20. Rad1 Rad8 21. d5 Qc8 22. e4 Kg7 23. Rf3 Bc5+ 24. Kh1 exd5 25.
exd5 1-0

[Event "Live Chess"]
[Site "Chess.com"]
[Date "2023.05.21"]
[Round "-"]
[White "Hussamalhaidar"]
[Black "Biranidun"]
[Result "0-1"]
[WhiteElo "1039"]
[BlackElo "2691"]
[TimeControl "300"]
[EndTime "16:24:01 PDT"]
[Termination "Biranidun won by resignation"]

1. b3 e5 2. Bb2 Nc6 3. e3 Nf6 4. Bb5 Bd6 5. Nf3 Qe7 6. Bxc6 dxc6 7. Nc3 e4 8. Ng5 h6 9. Ngxe4 Nxe4 10. Nxe4 Qxe4 11.
Bxg7 Rg8 12. Bxh6 Qxg2 13. Rf1 Bg4 14. Qc1 Bh3 15. Ke2 Bg4+ 16. Kd3 Be5 17. c4 Bf5+ 18. Ke2 Bxa1 19. Qxa1 O-O-O 20. Bf4 Bd3+ 0-1

[Event "Live Chess"]
[Site "Chess.com"]
[Date "2023.05.21"]
[Round "-"]
[White "ZackirtyChess"]
[Black "Doge_Dandolo"]
[Result "1-0"]
[WhiteElo "1175"]
[BlackElo "2011"]
[TimeControl "300"]
[EndTime "16:24:04 PDT"]
[Termination "ZackirtyChess won by resignation"]

1. e4 c6 2. d4 d5 3. Nc3 dxe4 4. Nxe4 Bf5 5. Ng3 Bg6 6. Nf3 Nd7 7. Bd3 e6 8. Ne5 Nxe5 9. dxe5 Ne7 10. O-O Nd5 11. Bxg6 hxg6 12. Qf3 Qc7 13. Bf4 Be7 14.
b3 O-O-O 15. c4 Nxf4 16. Qxf4 Rh4 17. Qxf7 Rdh8 18. Qxg7 Rxh2 19. Qxg6 Qxe5 20. Rfe1 Qc7 21. Qxe6+ Kb8 22. Qxe7 1-0

[Event "Live Chess"]
[Site "Chess.com"]
[Date "2023.05.21"]
[Round "-"]
[White "AlanPaling"]
[Black "KGreenGator"]
[Result "1-0"]
[WhiteElo "1382"]
[BlackElo "1751"]
[TimeControl "300"]
[EndTime "16:24:12 PDT"]
[Termination "AlanPaling won by checkmate"]

1. c4 Nf6 2. Nc3 e5 3. g3 Nc6 4. Bg2 Bc5 5. e3 O-O 6. Nge2 a6 7. O-O Ne7 8. h3 d6 9. b3 Rb8 10. d4 exd4 11. exd4 Ba7 12. Bg5 Nc6 13. Nd5 Be6 14. Nxf6+ gxf6 15. Bh6 Re8 16. d5 Bf5 17. dxc6 bxc6 18.
Bxc6 Re7 19. Bg2 Qe8 20. Nf4 Be4 21. Nh5 Re6 22. Bxe4 Qe7 23. Qg4+ Kh8 24. Qg7# 1-0

[Event "Live Chess"]
[Site "Chess.com"]
[Date "2023.05.21"]
[Round "-"]
[White "domrobson"]
[Black "Tushinskiy"]
[Result "0-1"]
[WhiteElo "1769"]
[BlackElo "2171"]
[TimeControl "300"]
[EndTime "16:24:17 PDT"]
[Termination "Tushinskiy won by resignation"]

1. d4 d5 2. c4 c6 3. Nf3 f6 4. Nc3 e6 5. e4 dxe4 6. Nxe4 Bb4+ 7. Bd2 Bxd2+ 8. Qxd2 Ne7 9. Bd3 O-O 10. O-O Nf5 11.
Nc3 Kh8 12. d5 cxd5 13. cxd5 e5 14. Be4 Nd6 15. Bc2 Bg4 16. Qd3 g6 17. Qe3 Na6 18. a3 Kg7 19. h3 Bxf3 20. Qxf3 Rc8 21. Rac1 Qb6 22. b4 Qd4 23. Bb3 e4 24. Qg3 Nf5 25. Ne2 Qd2 26. Qg4 h5 27. Qxe4 Rce8 28. Rc2 Rxe4 29. Rxd2 Rfe8 30. Nc3 Re1 31. d6 Rxf1+ 32. Kxf1 Rd8 33. d7 Nb8 34. Be6 Nh6 35. Nb5 Nf7 36. Nxa7 Ng5 37. Bb3 Ne4 38. Re2 f5 39. f3 Ng3+ 40. Kf2 Nxe2 41. Kxe2 Rxd7 42. Nb5 Kf6 43. Nc3 Nc6 44. Nd5+ Ke5 45. f4+ Kd4 46. Nb6 Re7+ 47.
Kf3 Re3+ 48. Kf2 Rxb3 0-1

[Event "Live Chess"]
[Site "Chess.com"]
[Date "2023.05.21"]
[Round "-"]
[White "LiamBellwood"]
[Black "Conradical12"]
[Result "1-0"]
[WhiteElo "2061"]
[BlackElo "1607"]
[TimeControl "300"]
[EndTime "16:24:55 PDT"]
[Termination "LiamBellwood won by checkmate"]

1. d3 e5 2. c4 Nc6 3. Nc3 Bc5 4. g3 Nf6 5. Bg2 O-O 6. e4 d6 7. Nge2 Be6 8. O-O Qd7 9. Be3 Bxe3 10. fxe3 Ng4 11. Qd2 f5 12. d4 exd4 13. exd4 Bxc4 14. h3 Bxe2 15. Nxe2 Nf6 16. exf5 Rae8 17. Nf4 Ne4 18. Qd3 d5 19. Ne6 Rf6 20. Bxe4 dxe4 21. Qxe4 Qd6 22. Kg2 Nd8 23. d5 Nxe6 24. dxe6 g6 25. Rad1 Qb6 26.
Qe5 Rxf5 27. Rxf5 gxf5 28. Rd7 Qc6+ 29. Kf2 Qc2+ 30. Kf3 Qe4+ 31. Qxe4 fxe4+ 32. Kxe4 Rxe6+ 33. Kf5 Rc6 34. b4 b6 35. g4 a5 36. bxa5 Rc5+ 37. Kf6 bxa5 38. Rd8# 1-0

[Event "Live Chess"]
[Site "Chess.com"]
[Date "2023.05.21"]
[Round "-"]
[White "toog"]
[Black "Brooms1989"]
[Result "1-0"]
[WhiteElo "2582"]
[BlackElo "1090"]
[TimeControl "300"]
[EndTime "16:25:33 PDT"]
[Termination "toog won by resignation"]

1. b4 e5 2. Bb2 d6 3. g3 Nf6 4.
Bg2 c6 5. c4 Bf5 6. Nf3 Be7 7.
O-O O-O 8. Nc3 Nbd7 9. d4 e4 10. Nh4 Bg6 11. Nxg6 fxg6 12. Nxe4 Nxe4 13. Bxe4 Nf6 14.
Bg2 d5 15. cxd5 Nxd5 16. b5 Qb6 17. bxc6 Qxc6 18. Rc1 Qe6 19. Qb3 Nb6 20. Qxe6+ Kh8 21. Bxb7 Rab8 22. Qxe7 Rfe8 23. Qc7 1-0

[Event "Live Chess"]
[Site "Chess.com"]
[Date "2023.05.21"]
[Round "-"]
[White "NAZRIZ1977"]
[Black "jk0110"]
[Result "1-0"]
[WhiteElo "2062"]
[BlackElo "1108"]
[TimeControl "300"]
[EndTime "16:25:38 PDT"]
[Termination "NAZRIZ1977 won on time"]

1. d4 Nf6 2. Nc3 e6 3. Bf4 c5 4. d5 Nxd5 5. Nxd5 exd5 6. Qxd5 Qf6 7. Qe5+ Qxe5 8. Bxe5 d6 9. Bc3 Nd7 10. O-O-O Nf6 11.
Bxf6 gxf6 12. e4 Be6 13. Bb5+ Kd8 14. Ne2 Bxa2 15. b3 a6 16. Bc4 b5 17. Bd5 Rb8 18. Kb2 Bg7 19. Kxa2 a5 20. Ng3 a4 21. Nf5 Bf8 22.
Bxf7 axb3+ 23. cxb3 Ra8+ 24. Kb2 b4 25. Ra1 Rb8 26.
Rhd1 h5 27. h4 Rh7 28. Bg6 Rh8 29. Ra6 Kd7 30. Nxd6 Rg8 31. Bf5+ Kc7 32. g3 Bxd6 33. Rdxd6 Rgd8 34. Rxd8 Rxd8 35. Rxf6 Rd2+ 36. Kb1 Rxf2 37. e5 Rf3 38. Bc2 Rxg3 39. Rf5 Rg4 40. Rxh5 Kd7 41. Rh6 Ke7 42. e6 Rg1+ 43. Kb2 Rg2 44. h5 Rh2 45. Kc1 Rh1+ 46. Bd1 Rh2 47. Bc2 Rh1+ 48. Kd2 Rh2+ 49. Kd3 Rh3+ 50. Ke4 Kd6 51. Bd3 Rh4+ 52. Ke3 Rh3+ 53.
Kd2 Rh2+ 54. Be2 Ke7 55. Kd3 Rh3+ 56. Kc4 Rc3+ 57. Kd5 Re3 58. Rh7+ Kf6 59. Bg4 1-0

[Event "Live Chess"]
[Site "Chess.com"]
[Date "2023.05.21"]
[Round "-"]
[White "GMHarry-youtube"]
[Black "luckywookie"]
[Result "1-0"]
[WhiteElo "2012"]
[BlackElo "753"]
[TimeControl "300"]
[EndTime "16:25:50 PDT"]
[Termination "GMHarry-youtube won on time"]

1. e4 c6 2. Nf3 d5 3. Nc3 e6 4. d4 Nd7 5. e5 c5 6. Ne2 Be7 7. c3 Nh6 8. Bxh6 gxh6 9. Qd2 Bg5 10. Qc2 b6 11. h4 Be7 12. Nf4 c4 13. Nh5 Bf8 14. g4 Bb7 15. g5 Qe7 16. Nf6+ Nxf6 17. gxf6 Qd7 18. Be2 O-O-O 19. a4 a5 20. b4 Bc6 21. b5 Bb7 22. Nd2 Kc7 23. O-O-O Ba3+ 24. Kb1 Qe8 25. Rdg1 Rg8 26. Qxh7 Rxg1+ 27. Rxg1 Bf8 28. Rg8 Qd7 29. Bh5 Kb8 30. Qxf7 Qxf7 31. Bxf7 Ka7 32.
Bxe6 Re8 33. Bf7 Re7 34. fxe7 Bxe7 35. Rg7 Ba3 36. e6 Bc8 37. Be8+ 1-0

[Event "Live Chess"]
[Site "Chess.com"]
[Date "2023.05.21"]
[Round "-"]
[White "1600x"]
[Black "JoshMcK"]
[Result "1-0"]
[WhiteElo "1821"]
[BlackElo "1517"]
[TimeControl "300"]
[EndTime "16:25:52 PDT"]
[Termination "1600x won by resignation"]

1. e4 c6 2. Nc3 d5 3. d4 dxe4 4. Nxe4 Nf6 5. Nxf6+ exf6 6. c3 Bd6 7. Bd3 O-O 8. Qh5 Re8+ 9. Ne2 g6 10. Qh4 Nd7 11. O-O c5 12. Rd1 cxd4 13. Nxd4 Be5 14. Nf5 Qb6 15.
Nh6+ Kg7 16. Nxf7 h5 17. Be3 Kxf7 18. Bxb6 1-0

[Event "Live Chess"]
[Site "Chess.com"]
[Date "2023.05.21"]
[Round "-"]
[White "stevochess11"]
[Black "SupremeTactician"]
[Result "1-0"]
[WhiteElo "1756"]
[BlackElo "2320"]
[TimeControl "300"]
[EndTime "16:26:03 PDT"]
[Termination "stevochess11 won by checkmate"]

1. d4 Nf6 2. Nf3 e6 3. e3 b6 4. Bd3 Bb7 5. O-O Be7 6. c4 O-O 7. Nc3 d6 8. d5 e5 9. e4 Nbd7 10.
h3 Re8 11. Be3 Nf8 12. Ne2 Ng6 13. Rc1 Bc8 14. b3 Bd7 15. b4 Qc8 16. Kh2 h6 17. c5 bxc5 18. bxc5 dxc5 19. Bxc5 Bxc5 20. Rxc5 Nh5 21. Qc1 Ngf4 22. Rxc7 Qd8 23. Nxf4 Nxf4 24.
Qc3 Nxd3 25. d6 Nf4 26. Nxe5 Be6 27. Rb1 Qxd6 28. Rbb7 Rac8 29. Nxf7 Bxf7 30. Rxf7 Nh5+ 31. Qg3 Qxg3+ 32. fxg3 Rf8 33. Rfd7 Rcd8 34. Rdc7 Rfe8 35. g4 Nf6 36. Rxg7+ Kh8 37. Rg6 Nxe4 38. Rxh6+ Kg8 39. Rg6+ Kf8 40. Rgg7 Nd6 41. Rxa7 Re6 42. Rh7 Rg6 43. Rh8+ Rg8 44. Rhh7 Nc8 45. Raf7+ Ke8 46. Rb7 Rd6 47. a4 Ra6 48. Rb8 Rc6 49. a5 Rg5 50. a6 Ra5 51. a7 Kd8 52. a8=Q Rxa8 53. Rxa8 Rc5 54. Rh8+ Kd7 55. Raxc8 Rb5 56. Rhd8+ Ke7 57. Rb8 Rc5 58.
Re8+ Kd6 59. h4 Ra5 60. h5 Ra4 61. h6 Rxg4 62. h7 Rh4+ 63. Kg3 Rxh7 64. Rh8 Rg7+ 65.
Kf3 Rf7+ 66. Kg3 Ra7 67. Kh3 Ra3+ 68. g3 Ra2 69. Rh6+ Ke7 70. Rb7+ Kf8 71. Rh8# 1-0

[Event "Live Chess"]
[Site "Chess.com"]
[Date "2023.05.21"]
[Round "-"]
[White "Shepherds_Pie"]
[Black "LodeshChess"]
[Result "1-0"]
[WhiteElo "1925"]
[BlackElo "1143"]
[TimeControl "300"]
[EndTime "16:26:25 PDT"]
[Termination "Shepherds_Pie won by checkmate"]

1. c4 e5 2. Nc3 c6 3. Nf3 d5 4. cxd5 cxd5 5. Nxe5 d4 6. Qa4+ Bd7 7. Qxd4 Nc6 8. Nxc6 Bxc6 9. Qxd8+ Rxd8 10. e3 Nf6 11. d4 Bb4 12. Bd2 O-O 13. Be2 Bxg2 14. Rg1 Bc6 15. O-O-O Bxc3 16. Bxc3 Ne4 17. Be1 a6 18.
Bd3 b5 19. f3 Nf6 20. e4 Rxd4 21.
Bc3 Rdd8 22. Bxf6 Rxd3 23. Rxg7+ Kh8 24. Rxd3 Rc8 25. Rg5# 1-0

[Event "Live Chess"]
[Site "Chess.com"]
[Date "2023.05.21"]
[Round "-"]
[White "Tushinskiy"]
[Black "alanmike75"]
[Result "1-0"]
[WhiteElo "2171"]
[BlackElo "1535"]
[TimeControl "300"]
[EndTime "16:26:30 PDT"]
[Termination "Tushinskiy won by resignation"]

1. d4 d5 2. c3 Nf6 3. Nf3 Nc6 4. Bf4 Bd7 5. Bg3 Qb8 6. Nbd2 e6 7. e3 Bd6 8. Bd3 O-O 9. Qe2 Ne7 10. e4 dxe4 11.
Nxe4 Nxe4 12. Qxe4 Nf5 13. O-O-O Bc6 14. Qe2 Bxg3 15.
hxg3 Bxf3 16. gxf3 g6 17. g4 Ng7 18. Rh6 f5 19.
Rdh1 1-0

[Event "Live Chess"]
[Site "Chess.com"]
[Date "2023.05.21"]
[Round "-"]
[White "JoeyCage"]
[Black "karimghalambaz"]
[Result "1-0"]
[WhiteElo "2296"]
[BlackElo "1273"]
[TimeControl "300"]
[EndTime "16:26:40 PDT"]
[Termination "JoeyCage won by resignation"]

1. e4 c5 2. Nf3 d6 3. d4 cxd4 4. Nxd4 Nc6 5. Nc3 Nf6 6. Bg5 g6 7. Bxf6 exf6 8. Qd2 Bg7 9. O-O-O O-O 10. Nxc6 bxc6 11.
Qxd6 Be6 12. Qxd8 Rfxd8 13. Rxd8+ Rxd8 14. Bd3 c5 15. Rd1 c4 16. Be2 Rc8 17. Nd5 f5 18.
Ne7+ Kh8 19. Nxc8 Bxc8 20. Rd8+ Bf8 21. Rxf8+ 1-0

[Event "Live Chess"]
[Site "Chess.com"]
[Date "2023.05.21"]
[Round "-"]
[White "NAZRIZ1977"]
[Black "Brooms1989"]
[Result "1-0"]
[WhiteElo "2062"]
[BlackElo "1090"]
[TimeControl "300"]
[EndTime "16:26:43 PDT"]
[Termination "NAZRIZ1977 won by resignation"]

1. d4 Nf6 2. Nc3 g6 3. e4 d6 4. f3 Bg7 5. Be3 O-O 6. Qd2 Nbd7 7. O-O-O e5 8. Nge2 exd4 9. Nxd4 Nb6 10. Bh6 Nc4 11. Bxc4 1-0

[Event "Live Chess"]
[Site "Chess.com"]
[Date "2023.05.21"]
[Round "-"]
[White "Olisingapore"]
[Black "JohanKjeldahl"]
[Result "1-0"]
[WhiteElo "1831"]
[BlackElo "1865"]
[TimeControl "300"]
[EndTime "16:26:50 PDT"]
[Termination "Olisingapore won by resignation"]

1. d4 Nf6 2. c4 e5 3. dxe5 Ng4 4.
Nf3 Nc6 5. e3 Ngxe5 6. Nc3 Bb4 7. Be2 O-O 8. O-O d6 9. Bd2 Bd7 10. a3 Bxc3 11. Bxc3 Qe7 12. b4 Rae8 13. b5 Nd8 14.
Nxe5 dxe5 15. Qd2 Bf5 16. Bb4 Qg5 17. Bxf8 Rxf8 18. c5 e4 19. Qa5 Bh3 20. g3 Bxf1 21. Bxf1 Qxc5 22. Qa4 Ne6 23. Qxe4 b6 24. Bc4 Re8 25.
Bxe6 fxe6 26. a4 Qd5 27. Qc2 Qe5 28. Rc1 Re7 29. Qc6 Kf7 30. Qf3+ Qf6 31. Qh5+ Qg6 32.
Qe5 Qf6 33. Qe4 Rd7 34. Qxh7 Rd2 35. Rxc7+ Ke8 36. Qg8+ 1-0

[Event "Live Chess"]
[Site "Chess.com"]
[Date "2023.05.21"]
[Round "-"]
[White "chessfiction"]
[Black "birdseed45"]
[Result "1-0"]
[WhiteElo "2344"]
[BlackElo "1856"]
[TimeControl "300"]
[EndTime "16:26:53 PDT"]
[Termination "chessfiction won by resignation"]

1. e4 c5 2. d4 cxd4 3. c3 dxc3 4. Nxc3 Nc6 5. Bg5 h6 6. Bh4 g5 7. Bg3 Nf6 8. Bc4 Bg7 9. e5 Nh7 10. Qf3 O-O 11. O-O-O Nxe5 12. Bxe5 Bxe5 13. Nge2 d6 14. h4 g4 15. Qe3 h5 16. f4 Bg7 17.
Kb1 Bf5+ 18. Ka1 Qc7 19. Nd5 Qxc4 20. Nxe7+ Kh8 21. Nxf5 Rae8 22. Qc1 Qxc1+ 23. Nxc1 Rd8 24. Nxd6 Nf6 25. Nxf7+ Rxf7 26. Rxd8+ Kh7 27. Rhd1 Bh6 28. g3 Bg7 29. Nd3 Ne4 30. Ne5 Bxe5 31. fxe5 Nxg3 32. e6 Re7 33. R8d7 Nf5 34. Rxe7+ Nxe7 35. Rd7 1-0

[Event "Live Chess"]
[Site "Chess.com"]
[Date "2023.05.21"]
[Round "-"]
[White "LutherSullivan"]
[Black "HoarseyHorsey"]
[Result "1-0"]
[WhiteElo "2074"]
[BlackElo "1433"]
[TimeControl "300"]
[EndTime "16:26:54 PDT"]
[Termination "LutherSullivan won by resignation"]

1. d4 Nf6 2. Nf3 d5 3. Bf4 c5 4. e3 Nc6 5. Nbd2 cxd4 6. exd4 Bg4 7. c3 e6 8. Qb3 Qc8 9. Bd3 Be7 10. O-O O-O 11. Rae1 Re8 12. Ne5 Nxe5 13. Bxe5 Nd7 14. Bg3 Nb6 15. f4 Bd6 16. Bh4 Qc7 17. g3 Bh3 18. Rf2 Be7 19. Bxe7 Qxe7 20. Nf3 h6 21.
f5 Qf6 22. fxe6 Rxe6 23. Ne5 Qe7 24. Rfe2 Re8 25. Bb5 Nc4 26. Bxe8 Nxe5 27. Rxe5 Qxe8 28. Qxb7 Rxe5 29. Rxe5 Qd8 30. Qxd5 Qf6 31. Re8+ Kh7 32. Qe4+ Bf5 33. Qe5 Qg5 34. Qf4 Qg6 35. Re5 Bh3 36.
Qe4 Qxe4 37. Rxe4 f6 38. Re7 Bf5 39. Rxa7 Kg6 40. a4 Bd3 1-0